 Dungeon Crawl Stone Soup version 0.19.1 (webtiles) character file.

1935 KingFishen the Grappler (level 8, 0/80 HPs)
             Began as a Troll Monk on Nov 29, 2016.
             Was a Believer of Elyvilon.
             Killed from afar by an electric eel (11 damage)
             ... with a bolt of electricity
             ... on level 7 of the Dungeon.
             The game lasted 00:19:17 (5321 turns).

KingFishen the Grappler (Troll Monk)                Turns: 5321, Time: 00:19:17

Health: 0/80       AC:  6    Str: 20    XL:     8   Next: 97%
Magic:  8/8        EV: 12    Int:  6    God:    Elyvilon [**....]
Gold:   262        SH:  0    Dex: 14    Spells: 0 memorised, 7 levels left

rFire  . . .     SeeInvis .       - Unarmed
rCold  + . .     Gourm    +     a - +0 robe
rNeg   . . .     Faith    .     (no shield)
rPois  .         Spirit   .     (helmet restricted)
rElec  .         Reflect  .     z - +0 cloak
rCorr  .         Harm     .     (gloves unavailable)
MR     .....                    (boots unavailable)
Stlth  ++........               (no amulet)
                                (no ring)
                                r - ring of protection from cold

@: no status effects
A: unfitting armour, claws 3, fast metabolism 3, gourmand, regeneration 1,
shaggy fur 1, tough skin 2
a: Lesser Healing, Heal Other, Divine Protection, Renounce Religion


You were on level 7 of the Dungeon.
You worshipped Elyvilon.
Elyvilon was pleased with you.
You were full.

You visited 2 branches of the dungeon, and saw 8 of its levels.

You collected 262 gold pieces.

Inventory:

Hand Weapons
 h - a +0 blowgun
Missiles
 j - 9 curare-tipped needles
 q - 35 poisoned needles
 t - 140 arrows
 x - 7 tomahawks (quivered)
Armour
 a - a +0 robe (worn)
 y - a +0 large shield
 z - a +0 cloak (worn)
Jewellery
 r - a ring of protection from cold (left claw)
Wands
 w - a wand of iceblast (8/15)
Scrolls
 d - 2 scrolls of fog
 i - 3 scrolls of remove curse
 m - a scroll of teleportation
Potions
 c - 2 potions of flight
 e - 2 potions of heal wounds
 g - 2 potions of agility
 k - a potion of berserk rage
 p - a potion of curing {unknown}
 v - a potion of resistance
Books
 s - a book of Callings

   Spells                             Type                      Level
   a - Summon Small Mammal            Summoning                    1
   b - Call Imp                       Summoning                    2
   c - Call Canine Familiar           Summoning                    3
   d - Summon Guardian Golem          Hexes/Summoning              3
   e - Summon Lightning Spire         Summoning/Air                4
   f - Summon Ice Beast               Ice/Summoning                4
Comestibles
 b - 3 bread rations
 l - 7 fruits
 n - a meat ration
 o - 2 beef jerkies
 u - 3 slices of pizza


   Skills:
 - Level 5.1 Fighting
 - Level 5.2 Dodging
 - Level 1.0 Stealth
 * Level 8.9 Unarmed Combat
 + Level 1.8 Invocations


You had 7 spell levels left.
You didn't know any spells.

Dungeon Overview and Level Annotations

Branches:
Dungeon (7/15)             Temple (1/1) D:6

Altars:
Ashenzari
Dithmenos
Elyvilon
Hepliaklqana
Makhleb
Okawaru
Vehumet
Xom
Yredelemnul
Zin


Innate Abilities, Weirdness & Mutations

You are too large for most types of armour.
You have claws for hands.
Your metabolism is lightning-fast.
You like to eat raw meat.
Your natural rate of healing is unusually fast.
You are covered in fur. (AC +1)
You have very tough skin. (AC +2)


Message History

You kill the electric eel!
You hear a splash.
The electric eel shoots out a bolt of lightning at you!
The bolt of electricity misses you.
The electric eel shoots out a bolt of lightning at you!
The bolt of electricity hits you!
The electric eel shoots out a bolt of lightning at you!
The bolt of electricity hits you!
* * * LOW HITPOINT WARNING * * *
The electric eel shoots out a bolt of lightning at you!
The bolt of electricity hits you!
* * * LOW HITPOINT WARNING * * *
The electric eel shoots out a bolt of lightning at you!
The bolt of electricity hits the plant.
The bolt of electricity hits you! Elyvilon protects you from harm!
The electric eel shoots out a bolt of lightning at you!
The bolt of electricity misses you.
The electric eel shoots out a bolt of lightning at you!
The bolt of electricity hits the plant. x2; The bolt of electricity hits you!
You die...

# ##♣≈≈.≈≈≈♣
#≈≈≈≈.≈≈≈♣ #♣≈≈≈.P≈≈♣
#≈≈P≈.≈≈≈♣#
#≈≈≈≈.≈≈≈≈#
#♣≈P≈.≈♣♣## #♣≈≈.≈♣♣#
#♣PP.≈♣P# #≈≈≈@≈♣≈#
.≈≈≈≈≈≈♣ ♣≈P≈.≈≈♣
P≈≈≈≈≈P♣ ♣≈P≈.≈P♣
♣≈≈≈≈;≈♣ ♣≈≈≈.≈≈♣
♣≈P≈≈≈≈♣♣♣ ♣♣P≈≈.≈P♣
♣P≈≈≈≈≈≈P♣♣♣;≈≈≈.P♣P#
♣≈≈≈≈≈≈≈≈≈≈≈P≈≈≈.≈♣##
.≈≈≈≈≈≈≈≈≈≈≈≈≈≈≈.≈##
..................(#


You could see an electric eel.

Vanquished Creatures
  The ghost of meatyocre the Cleaver, an amateur HOMo (D:4)
  Prince Ribbit (D:5)
  An orc warrior (D:6)
  2 ice beasts (D:5)
  A phantom (D:5)
  An ogre (D:7)
  2 centaurs
  A big kobold (D:4)
  2 electric eels (D:7)
  2 crimson imps (D:5)
  5 orc wizards
  2 orc priests
  5 hounds
  A centaur skeleton (D:6)
  5 worker ants
  2 hound skeletons
  A howler monkey skeleton (D:4)
  5 adders
  An ooze (D:2)
  4 dart slugs
  6 worms
  6 leopard geckos
  21 orcs
  7 bats
  4 giant cockroaches
  4 goblins
  6 hobgoblins
  10 jackals
  27 kobolds
  A quokka (D:2)
  5 ball pythons (D:1)
  3 frilled lizards
  A jackal skeleton (D:4)
  2 leopard gecko skeletons (D:4)
  6 rats
154 creatures vanquished.

Vanquished Creatures (others)
  A jackal skeleton (D:4)
1 creature vanquished.

Grand Total: 155 creatures vanquished

Notes
Turn   | Place    | Note
-------+----------+-------------------------------------------
     0 | D:1      | KingFishen the Troll Monk began the quest for the Orb.
     0 | D:1      | Reached XP level 1. HP: 22/22 MP: 0/0
   188 | D:1      | Reached XP level 2. HP: 29/29 MP: 1/1
   718 | D:1      | Reached XP level 3. HP: 30/36 MP: 2/2
  1968 | D:3      | Reached XP level 4. HP: 24/44 MP: 3/3
  2029 | D:3      | Reached skill level 4 in Unarmed Combat
  2421 | D:3      | Reached XP level 5. HP: 38/53 MP: 4/4
  2522 | D:4      | Noticed meatyocre's ghost (amateur HOMo)
  2546 | D:4      | Killed meatyocre's ghost
  2546 | D:4      | Reached skill level 5 in Unarmed Combat
  2546 | D:4      | Reached XP level 6. HP: 19/62 MP: 5/5
  2854 | D:4      | Found a shadowy altar of Dithmenos.
  3115 | D:4      | Reached XP level 7. HP: 44/68 MP: 6/6
  3756 | D:4      | Reached skill level 6 in Unarmed Combat
  3768 | D:5      | Entered Level 5 of the Dungeon
  3774 | D:5      | Noticed Prince Ribbit
  3791 | D:5      | Killed Prince Ribbit
  3848 | D:5      | Reached skill level 7 in Unarmed Combat
  3955 | D:5      | Reached XP level 8. HP: 65/79 MP: 7/7
  4341 | D:6      | Reached skill level 5 in Dodging
  4343 | D:6      | Reached skill level 5 in Fighting
  4343 | D:6      | Reached skill level 8 in Unarmed Combat
  4368 | D:6      | Found a staircase to the Ecumenical Temple.
  4385 | Temple   | Entered the Ecumenical Temple
  4487 | Temple   | Became a worshipper of Elyvilon the Healer
  4487 | Temple   | Reached * piety under Elyvilon
  4487 | Temple   | Reached ** piety under Elyvilon
  5053 | D:7      | Reached skill level 1 in Invocations
  5308 | D:7      | HP: 3/80 [electric eel/bolt of electricity (13)]
  5310 | D:7      | Elyvilon protects you from harm!
  5321 | D:7      | Killed from afar by an electric eel

Skill      XL: |  1  2  3  4  5  6  7  8 |
---------------+-------------------------+-----
Dodging        | 3 4 5 |  5.2
Fighting       | 3 4 5 |  5.1
Unarmed Combat | 4 5 7 8 |  8.9
Invocations    | 1 |  1.8
Stealth        | |  1.0

Action                   |  1- 3 |  4- 6 |  7- 9 || total
-------------------------+-------+-------+-------++-------
Melee: Unarmed           |    95 |   159 |   175 ||   429
       Punch             |     2 |     4 |     5 ||    11
Invok: Lesser Healing    |       |       |     1 ||     1
  Use: Scroll            |       |     8 |     5 ||    13
 Stab: Sleeping          |     6 |       |     1 ||     7
       Distracted        |     1 |       |       ||     1
  Eat: Chunk             |    11 |    13 |    23 ||    47
       Meat ration       |     1 |       |       ||     1
Armor: Robe              |    30 |    57 |    49 ||   136
Dodge: Dodged            |    44 |   100 |    96 ||   240
